 Dungeon Crawl Stone Soup version 0.29.1-2-gbd0b4ee654 (webtiles) character file.

Game seed: 14223836390075480739

228 PhantomBowie the Insei (level 6, 0/47 HPs)
             Began as a Gnoll Transmuter on Nov 30, 2022.
             Was an Initiate of Sif Muna.
             Succumbed to a scorpion's poison
             ... on level 3 of the Dungeon.
             The game lasted 00:12:05 (4118 turns).

PhantomBowie the Insei (Gnoll Transmuter)           Turns: 4118, Time: 00:12:06

Health: 0/47       AC: 10    Str: 12    XL:     6   Next: 2%
Magic:  13/13      EV:  3    Int: 12    God:    Sif Muna [......]
Gold:   214        SH:  5    Dex: 12    Spells: 14/15 levels left

rFire   . . .      SeeInvis .   p - +0 war axe
rCold   . . .      Faith    .   (no shield)
rNeg    . . .      Spirit   .   f - +0 plate armour
rPois   .          Reflect  +   (no helmet)
rElec   .          Harm     .   (no cloak)
rCorr   .          Rampage  .   (no gloves)
Will    .....                   (no boots)
Stlth   ..........              j - amulet of reflection
HPRegen 0.15/turn               (no ring)
MPRegen 0.13/turn               (no ring)

@: lethally poisoned (0 -> -2)
A: fangs 1, strong nose, distributed training
a: Renounce Religion


You were on level 3 of the Dungeon.
You worshipped Sif Muna.
Sif Muna was noncommittal.
You visited 1 branch of the dungeon, and saw 4 of its levels.

You collected 214 gold pieces.

Inventory:

Hand Weapons
 k - a +0 sling
 p - a +0 war axe (weapon)
Armour
 a - a +0 robe
 f - a +0 plate armour (worn)
 t - a +0 leather armour
Magical Staves
 c - a staff of death
 s - a staff of cold
Jewellery
 j - an amulet of reflection (around neck)
Scrolls
 e - 3 scrolls of identify {unknown}
 g - a scroll of immolation {unknown}
 i - a scroll of teleportation {unknown}
 l - 2 scrolls of vulnerability {unknown}
 m - a scroll of amnesia {unknown}
 n - a scroll of silence {unknown}
Potions
 b - 2 potions of lignification
 d - a potion of haste {unknown}
 h - a potion of mutation {unknown}
 o - a potion of heal wounds
 q - 2 potions of curing {unknown}
 r - 2 potions of degeneration {unknown}


   Skills:
 + Level 3.1 Fighting
 + Level 1.8 Short Blades
 + Level 1.8 Long Blades
 + Level 1.8 Axes
 + Level 1.8 Maces & Flails
 + Level 1.8 Polearms
 + Level 1.8 Staves
 + Level 1.8 Ranged Weapons
 + Level 1.8 Throwing
 + Level 1.8 Armour
 + Level 4.9 Dodging
 + Level 1.8 Stealth
 + Level 1.8 Shields
 + Level 6.8 Unarmed Combat
 + Level 5.3 Spellcasting
 + Level 1.4 Conjurations
 + Level 1.4 Hexes
 + Level 1.4 Summonings
 + Level 1.4 Necromancy
 + Level 1.4 Translocations
 + Level 4.0 Transmutations
 + Level 1.4 Fire Magic
 + Level 1.4 Ice Magic
 + Level 1.4 Air Magic
 + Level 1.4 Earth Magic
 + Level 1.4 Poison Magic
 + Level 2.0 Invocations
 + Level 1.8 Evocations


You had 14 spell levels left.
You knew the following spells:

 Your Spells              Type           Power      Damage    Failure   Level
a - Beastly Appendage     Tmut           24%        N/A       100%        1

Your spell library contained the following spells:

 Spells                   Type           Power      Damage    Failure   Level
 Wereblood                Tmut           12%        N/A       100%        2
 Gell's Gravitas          Tloc           6%         N/A       100%        3
 Lesser Beckoning         Tloc           6%         N/A       100%        3
 Spider Form              Tmut/Pois      9%         N/A       100%        3
 Teleport Other           Tloc           6%         N/A       100%        3
 Ice Form                 Ice/Tmut       9%         N/A       100%        4
 Dispersal                Tloc           3%         N/A       100%        6


Dungeon Overview and Level Annotations

Branches:
Dungeon (4/15)
 Temple: D:4-7

Altars:
Kikubaaqudgha
Sif Muna
Vehumet

Shops:
D:1 (

Annotations:
D:3 3 runed translucent doors, Trash5's ghost, amateur HuNe; lotum's ghost, amateur DsAK; mkat's ghost, amateur BaIE
D:4 1 runed translucent door, Rudyous's ghost, amateur HOFi


Innate Abilities, Weirdness & Mutations

You have very sharp teeth.
Your uncanny sense of smell can sniff out nearby items.
Your experience applies equally to all skills.


Message History

The scorpion stings you but does no damage.
You barely miss the scorpion.
The scorpion is moderately wounded.
You feel sick.
You are no longer poisoned.
The scorpion stings you.
You are poisoned.
The scorpion poisons you! The scorpion stings you.
You are lethally poisoned!
The scorpion poisons you!
You feel very sick.
There is an escape hatch in the ceiling here.
* * * LOW HITPOINT WARNING * * *
You feel very sick. You block the scorpion's attack.
A mysterious force pulls you upwards. The hatch slams shut behind you.
Level annotation: 3 runed translucent doors, Trash5's ghost, amateur HuNe; lotum's ghost, amateur DsAK; mkat's ghost, amateur BaIE
* * * LOW HITPOINT WARNING * * *
You feel sick.
* * * LOW HITPOINT WARNING * * *
You feel very sick.
The scorpion stings you but does no damage.
* * * LOW HITPOINT WARNING * * *
You feel sick. The scorpion attacks as you move away! The scorpion stings you.
* * * LOW HITPOINT WARNING * * *
x2 You feel sick.
The scorpion attacks as you move away!
The scorpion stings you but does no damage.
* * * LOW HITPOINT WARNING * * *
You feel sick. The scorpion attacks as you move away!
The scorpion stings you but does no damage.
* * * LOW HITPOINT WARNING * * *
You feel sick. The scorpion attacks as you move away!
The scorpion barely misses you.
* * * LOW HITPOINT WARNING * * *
You feel sick.
The scorpion stings you but does no damage.
You die...

######### #.....[.#
#.####..# #.####..######
#.##.........###############
#.##.......#s.@............#
#.##.#..##.#.....##..#####.#
#.......##.##.##....)...##.#
####....##.##.#####..##.##)#
#.##.##.##.#####........#
#.##.##.##..............#
#.>............##).#.##.#
####.###.......##..#>.#.#
#..##.......##..##.#.#


You could see a scorpion.

Vanquished Creatures
  A howler monkey (D:4)
  3 orc wizards (D:3)
  4 adders
  An ufetubus (D:4)
  2 worms
  2 dart slugs
  8 orcs
  8 bats
  4 endoplasms
  8 goblins
  6 hobgoblins
  3 kobolds
  3 quokkas
  2 ball pythons
  2 frilled lizards (D:1)
  3 rats
60 creatures vanquished.

Notes
Turn   | Place    | Note
-------+----------+-------------------------------------------
     0 | D:1      | PhantomBowie the Gnoll Transmuter began the quest for the
                  | Orb.
     0 | D:1      | Reached XP level 1. HP: 17/17 MP: 6/6
   106 | D:1      | Found Xeupt's Antique Weapon Emporium.
   157 | D:1      | Reached XP level 2. HP: 21/23 MP: 7/7
   365 | D:1      | Found a faded altar of an unknown god.
   863 | D:2      | Reached skill level 5 in Spellcasting
   863 | D:2      | Reached XP level 3. HP: 28/28 MP: 7/9
  1481 | D:2      | Reached skill level 1 in Invocations
  1865 | D:2      | Reached skill level 1 in Short Blades
  1865 | D:2      | Reached skill level 1 in Long Blades
  1865 | D:2      | Reached skill level 1 in Axes
  1865 | D:2      | Reached skill level 1 in Maces & Flails
  1865 | D:2      | Reached skill level 1 in Polearms
  1865 | D:2      | Reached skill level 1 in Staves
  1865 | D:2      | Reached skill level 1 in Ranged Weapons
  1865 | D:2      | Reached skill level 1 in Throwing
  1865 | D:2      | Reached skill level 1 in Armour
  1865 | D:2      | Reached skill level 1 in Stealth
  1865 | D:2      | Reached skill level 1 in Shields
  1865 | D:2      | Reached skill level 1 in Evocations
  2337 | D:3      | Reached XP level 4. HP: 33/34 MP: 11/11
  2561 | D:3      | Reached skill level 1 in Conjurations
  2561 | D:3      | Reached skill level 1 in Hexes
  2561 | D:3      | Reached skill level 1 in Summonings
  2561 | D:3      | Reached skill level 1 in Necromancy
  2561 | D:3      | Reached skill level 1 in Translocations
  2561 | D:3      | Reached skill level 1 in Fire Magic
  2561 | D:3      | Reached skill level 1 in Ice Magic
  2561 | D:3      | Reached skill level 1 in Air Magic
  2561 | D:3      | Reached skill level 1 in Earth Magic
  2561 | D:3      | Reached skill level 1 in Poison Magic
  2837 | D:3      | Found a shimmering blue altar of Sif Muna.
  2848 | D:3      | Found an ancient bone altar of Kikubaaqudgha.
  2859 | D:3      | Reached XP level 5. HP: 34/40 MP: 12/12
  2864 | D:3      | Found a radiant altar of Vehumet.
  2919 | D:3      | Became a worshipper of Sif Muna the Loreminder
  2987 | D:3      | Found a runed translucent gate.
  2988 | D:3      | Found a runed translucent gate.
  2988 | D:3      | Found a runed translucent gate.
  2989 | D:3      | Noticed Trash5's ghost (amateur HuNe)
  2989 | D:3      | Noticed lotum's ghost (amateur DsAK)
  2989 | D:3      | Noticed mkat's ghost (amateur BaIE)
  3957 | D:4      | Found a runed translucent door.
  3958 | D:4      | Noticed Rudyous's ghost (amateur HOFi)
  3986 | D:4      | Reached XP level 6. HP: 33/47 MP: 13/13
  4116 | D:3      | HP: 2/47 [poisoned by a scorpion]
  4118 | D:3      | Succumbed to a scorpion's poison

Illustrated notes

Levels and vault maps discovered:
D:1:      matt_arrival_los_fun, layout_rooms, shapermc_ecumenical_altar_venn,
          serial_shops, nicolae_square_shop, grunt_decor_one_mirror
D:2:      layout_basic
D:3:      layout_loops_cross, palyth_temple_overflow_mages,
          gammafunk_ghost_cemetery, chequers_decorated_corner
D:4:      layout_gridville, minmay_temple_entry_glassed_door,
          hellmonk_ghost_happy_afterlife

Skill      XL: |  1  2  3  4  5 |
---------------+----------------+-----
Spellcasting   | 5 |  5.3
Invocations    | 1 2 |  2.0
Short Blades   | 1 |  1.8
Long Blades    | 1 |  1.8
Axes           | 1 |  1.8
Maces & Flails | 1 |  1.8
Polearms       | 1 |  1.8
Staves         | 1 |  1.8
Ranged Weapons | 1 |  1.8
Throwing       | 1 |  1.8
Armour         | 1 |  1.8
Stealth        | 1 |  1.8
Shields        | 1 |  1.8
Evocations     | 1 |  1.8
Conjurations   | 1 |  1.4
Hexes          | 1 |  1.4
Summonings     | 1 |  1.4
Necromancy     | 1 |  1.4
Translocations | 1 |  1.4
Fire Magic     | 1 |  1.4
Ice Magic      | 1 |  1.4
Air Magic      | 1 |  1.4
Earth Magic    | 1 |  1.4
Poison Magic   | 1 |  1.4
Fighting       | 3 |  3.1
Transmutations | 4 |  4.0
Dodging        | |  4.9
Unarmed Combat | |  6.8

Action                   |  1- 3 |  4- 6 || total
-------------------------+-------+-------++-------
Melee: Staff             |    76 |       ||    76
       Bite              |    22 |    18 ||    40
       Whip              |    33 |       ||    33
       Long sword        |    60 |    84 ||   144
       Punch             |     1 |     4 ||     5
       War axe           |       |    40 ||    40
 Fire: Sling             |     9 |       ||     9
Armor: Plate armour      |   170 |   111 ||   281
       Robe              |     3 |       ||     3
Dodge: Dodged            |    31 |    20 ||    51
Block: Other             |       |    10 ||    10
